 Dungeon Sprint DCSS version 0.17.0-28-g6e173f8 (webtiles) character file.

2052 Kidiri the Covert (level 9, -2/46 HPs)
             Began as a Spriggan Enchanter on Nov 28, 2015.
             Was a Priest of Dithmenos.
             Slain by a hill giant
             ... wielding a +0 giant club
              (21 damage)
             ... in the Dungeon (Sprint III: "The Ten Rune Challenge").
             The game lasted 00:04:38 (854 turns).

Kidiri the Covert (Spriggan Enchanter)               Turns: 854, Time: 00:04:38

Health: -2/46      AC:  2    Str:  8    XL:     9   Next: 4%
Magic:  16/23      EV: 28    Int: 19    God:    Dithmenos [***...]
Gold:   38         SH:  0    Dex: 19    Spells: 8 memorised, 4 levels left

rFire  . . .     SeeInvis +     a - +1 dagger
rCold  . . .     Clarity  .     b - +1 robe
rNeg   . . .     SustAt   .     (shield restricted)
rPois  .         Gourm    .     (helmet restricted)
rElec  .         Spirit   .     (no cloak)
rCorr  .         Warding  .     (gloves unavailable)
rMut   .         NoTele   +     (boots unavailable)
MR     +....                    (no amulet)
Stlth  +++++++++.               (no ring)
                                (no ring)

@: wreathed by umbra, very quick, somewhat resistant to hostile enchantments,
incredibly stealthy
A: unfitting armour, hooves 1, thin skeletal structure 1, see invisible,
deformed body, herbivore 3, speed 3, slow metabolism 2, strong 2, no device heal
1
a: Shadow Step, Renounce Religion


You were in the Dungeon.
You worshipped Dithmenos.
Dithmenos was most pleased with you.
You were not hungry.

You visited 1 branch You collected 38 gold pieces.

Inventory:

Hand Weapons
 a - a +1 dagger (weapon)
Armour
 b - a +1 robe (worn)
Scrolls
 j - 2 scrolls of blinking
 l - 2 scrolls of torment {unknown}
 m - 2 scrolls of identify {unknown}
 n - 4 scrolls of remove curse
Potions
 e - 2 potions of curing
 f - a potion of heal wounds
 g - a potion of haste
 h - 2 potions of magic
 p - 2 potions of cure mutation
 q - 3 potions of flight
 s - a potion of brilliance {unknown}
Books
 k - a book of the Sky

   Spells                             Type                      Level
   a - Summon Lightning Spire         Summoning/Air                4
   b - Airstrike                      Air                          4
   c - Silence                        Hexes/Air                    5
   d - Deflect Missiles               Charms/Air                   6
   e - Conjure Ball Lightning         Conjuration/Air              6
   f - Tornado                        Air                          9
Comestibles
 d - a bread ration
 o - 3 fruits
 r - 2 royal jellies


   Skills:
 + Level 4.4 Fighting
 * Level 8.6 Short Blades
 + Level 3.8 Armour
 * Level 11.2 Dodging
 * Level 12.3 Stealth
 * Level 9.8 Spellcasting
 + Level 3.5 Conjurations
 + Level 7.5 Hexes
 + Level 3.7 Charms
 + Level 4.9 Translocations
 + Level 4.1 Ice Magic
 + Level 2.9 Air Magic
 - Level 2.5 Invocations


You had 4 spell levels left.
You knew the following spells:

 Your Spells              Type           Power        Failure   Level  Hunger
a - Corona                Hex            #####..      1%          1    None
b - Ensorcelled Hibernat  Hex/Ice        ####..       1%          2    None
c - Confuse               Hex            #####...     1%          3    None
d - Tukima's Dance        Hex            #####...     1%          3    None
e - Dazzling Spray        Conj/Hex       ####....     1%          3    None
f - Apportation           Tloc           ####......   1%          1    None
g - Airstrike             Air            ###.......   28%         4    ###....
h - Deflect Missiles      Chrm/Air       ###.......   100%        6    ######.


Dungeon Overview and Level Annotations

Branches:
Dungeon (1/1)

Altars:
Cheibriados
Dithmenos
Elyvilon
Fedhas
Gozag
Kikubaaqudgha
Makhleb
Nemelex Xobeh
Okawaru
Qazlal
Ru
Sif Muna
Trog
Vehumet
Xom
Yredelemnul
Zin
The Shining One
Jiyva
Lugonu


Innate Abilities, Weirdness & Mutations

You are tiny and cannot use many weapons and most armour.
You have supernaturally acute eyesight.
You are a herbivore.
You cover ground extremely quickly.
You need consume almost no food.
You have large cloven feet.
You have a somewhat thin skeletal structure (Dex +2, Stealth).
Armour fits poorly on your strangely shaped body.
Your muscles are very strong. (Str +4)
Potions and wands are less effective at restoring your health.


Message History

Your Short Blades skill increases to level 8!
Your Dodging skill increases to level 11!
Your Stealth skill increases to level 12!
Your Charms skill increases to level 3!
Your Translocations skill increases to level 4!
Your Ice Magic skill increases to level 4!
You have reached level 9!
Your experience leads to an increase in your attributes!
Your base attributes are Str 4, Int 18, Dex 17.
Increase (S)trength, (I)ntelligence, or (D)exterity?
You feel clever.
Unknown command.
Casting: Dazzling Spray
Confirm with . or Enter, or press ? or * to list all spells.
Aiming: Ensorcelled Hibernation
Press: ? - help, Shift-Dir - straight line, f - hill giant
Aim: a hill giant, wielding a giant club (black smoke, umbra, chance to defeat MR: 42%)
The hill giant resists with some effort.
The hill giant hits you with a giant club!!
You die...

__# ._# +## ..#
..# #'#
..#+##############
..#....#)#)#).§§§#
..##.#.)#.##.###@#
..'##.#.#.##.#§C##
..#...#..#..##§§§
▓▓▓▓▓▓▓▓▓▓▓▓▓▓▓▓


You could see a hill giant.

Vanquished Creatures
  Erolcha (D)
  A deep elf priest (D)
  A shadow (D)
  A hill giant (D)
  A spatial vortex (D)
  A necrophage (D)
  3 two-headed ogres (D)
  A water elemental (D)
  A scorpion (D)
  A wizard (D)
  A jelly (D)
  Jessica (D)
  A necromancer (D)
  A kobold demonologist (D)
  3 humans (D)
  2 oozes (D)
21 creatures vanquished.

Vanquished Creatures (others)
  2 draconian scorchers (D)
  2 fire drakes (D)
  A yaktaur (D)
  3 plants (D)
8 creatures vanquished.

Grand Total: 29 creatures vanquished

Notes
Turn   | Place    | Note
--------------------------------------------------------------
     0 | D        | Kidiri the Spriggan Enchanter began the quest for the Orb.
     0 | D        | Reached XP level 1. HP: 9/9 MP: 5/5
    40 | D        | Killed a fire drake
    71 | D        | Killed a fire drake
   106 | D        | Reached skill level 5 in Stealth
   106 | D        | Reached XP level 2. HP: 14/14 MP: 5/7
   131 | D        | Learned a level 2 spell: Ensorcelled Hibernation
   139 | D        | Noticed Jessica
   145 | D        | Killed Jessica
   145 | D        | Reached skill level 1 in Fighting
   145 | D        | Reached skill level 1 in Armour
   145 | D        | Reached XP level 3. HP: 18/18 MP: 7/9
   150 | D        | Learned a level 3 spell: Confuse
   154 | D        | Learned a level 3 spell: Dazzling Spray
   181 | D        | Noticed a scorpion
   182 | D        | Killed a white draconian scorcher
   184 | D        | Killed a scorpion
   184 | D        | Reached skill level 5 in Dodging
   184 | D        | Reached skill level 6 in Stealth
   184 | D        | Reached skill level 5 in Spellcasting
   184 | D        | Reached skill level 1 in Ice Magic
   184 | D        | Reached XP level 4. HP: 22/22 MP: 10/12
   194 | D        | Learned a level 3 spell: Tukima's Dance
   196 | D        | Reached skill level 7 in Stealth
   220 | D        | Gained mutation: You have a somewhat thin skeletal structure (Dex +2, Stealth). [potion of mutation]
   220 | D        | Gained mutation: Potions and wands are less effective at restoring your health. [potion of mutation]
   221 | D        | Gained mutation: Your muscles are strong. (Str +2) [potion of mutation]
   221 | D        | Gained mutation: You have large cloven feet. [potion of mutation]
   222 | D        | Gained mutation: Armour fits poorly on your strangely shaped body. [potion of mutation]
   222 | D        | Gained mutation: Your muscles are very strong. (Str +4) [potion of mutation]
   241 | D        | Killed a white draconian scorcher
   248 | D        | Noticed a water elemental
   250 | D        | Killed a water elemental
   250 | D        | Reached skill level 1 in Conjurations
   250 | D        | Reached XP level 5. HP: 26/26 MP: 14/14
   260 | D        | Noticed a jelly
   261 | D        | Noticed a shadow
   288 | D        | Killed a shadow
   288 | D        | Reached skill level 5 in Short Blades
   288 | D        | Reached skill level 8 in Dodging
   288 | D        | Reached skill level 9 in Stealth
   288 | D        | Reached skill level 5 in Hexes
   288 | D        | Reached XP level 6. HP: 12/32 MP: 1/17
   354 | D        | Killed a yaktaur
   531 | D        | Killed a jelly
   537 | D        | Found a stormy altar of Qazlal.
   538 | D        | Found a sacrificial altar of Ru.
   538 | D        | Found a burning altar of Makhleb.
   538 | D        | Found a viscous altar of Jiyva.
   538 | D        | Found a shimmering altar of Xom.
   538 | D        | Found a shadowy altar of Dithmenos.
   538 | D        | Found a sparkling altar of Nemelex Xobeh.
   538 | D        | Found a corrupted altar of Lugonu.
   538 | D        | Found an opulent altar of Gozag.
   538 | D        | Noticed a spatial vortex
   542 | D        | Became a worshipper of Dithmenos the Shadowed
   553 | D        | Killed a spatial vortex
   553 | D        | Reached skill level 1 in Invocations
   674 | D        | Found a radiant altar of Vehumet.
   675 | D        | Found a deep blue altar of Sif Muna.
   675 | D        | Found an ancient bone altar of Kikubaaqudgha.
   675 | D        | Noticed a wizard
   676 | D        | Killed a wizard
   678 | D        | Reached * piety under Dithmenos
   678 | D        | Reached skill level 10 in Stealth
   688 | D        | Learned a level 1 spell: Apportation
   699 | D        | Learned a level 4 spell: Airstrike
   704 | D        | Found a glowing silver altar of Zin.
   705 | D        | Found a glowing golden altar of the Shining One.
   705 | D        | Found a white marble altar of Elyvilon.
   705 | D        | Noticed a deep elf priest
   707 | D        | Killed a deep elf priest
   707 | D        | Reached skill level 1 in Air Magic
   707 | D        | Reached XP level 7. HP: 36/36 MP: 17/19
   726 | D        | Found an iron altar of Okawaru.
   727 | D        | Found a bloodstained altar of Trog.
   727 | D        | Noticed a human
   727 | D        | Noticed a human
   734 | D        | Killed a human
   737 | D        | Killed a human
   737 | D        | Reached ** piety under Dithmenos
   737 | D        | Reached skill level 11 in Stealth
   758 | D        | Learned a level 6 spell: Deflect Missiles
   800 | D        | Found a snail-covered altar of Cheibriados.
   800 | D        | Noticed a necrophage
   801 | D        | Found a basalt altar of Yredelemnul.
   801 | D        | Found a blossoming altar of Fedhas.
   801 | D        | Noticed a necromancer
   802 | D        | Killed a necrophage
   802 | D        | Reached skill level 10 in Dodging
   802 | D        | Reached XP level 8. HP: 42/42 MP: 21/21
   803 | D        | Killed a necromancer
   821 | D        | Noticed a two-headed ogre
   821 | D        | Noticed a two-headed ogre
   825 | D        | Killed a two-headed ogre
   825 | D        | Reached skill level 1 in Charms
   827 | D        | Killed a two-headed ogre
   827 | D        | Reached *** piety under Dithmenos
   831 | D        | Noticed a two-headed ogre
   832 | D        | Killed a two-headed ogre
   837 | D        | Noticed a hill giant
   840 | D        | Killed a hill giant
   845 | D        | Noticed a hill giant
   845 | D        | Noticed Erolcha
   853 | D        | Killed Erolcha
   853 | D        | Reached skill level 12 in Stealth
   853 | D        | Reached XP level 9. HP: 19/46 MP: 17/23
   854 | D        | Slain by a hill giant

Action                   |  1- 3 |  4- 6 |  7- 9 || total
-------------------------+-------+-------+-------++-------
Melee: Dagger            |    10 |    13 |    16 ||    39
 Cast: Ensorcelled Hiber |       |     2 |     2 ||     4
       Dazzling Spray    |       |    11 |     2 ||    13
       Confuse           |       |       |     2 ||     2
  Use: Potion            |       |     4 |       ||     4
 Stab: Sleeping          |     3 |     6 |     6 ||    15
       Invisible         |       |       |     3 ||     3
       Confused          |       |       |     1 ||     1
